 Dungeon Crawl Stone Soup version 0.29-a0-885-gb26ba3297d (webtiles) character file.

Game seed: 9034062799348542096

424 kevlar127 the Ruffian (level 6, -8/62 HPs)
             Began as a Troll Berserker on July 20, 2022.
             Was a Priest of Trog.
             Mangled by Prince Ribbit (9 damage)
             ... on level 5 of the Dungeon.
             The game lasted 00:05:24 (3955 turns).

kevlar127 the Ruffian (Troll Berserker)             Turns: 3955, Time: 00:05:24

Health: -8/62      AC:  5    Str: 28    XL:     6   Next: 64%
Magic:  5/5        EV: 10    Int:  3    God:    Trog [***...]
Gold:   218        SH:  0    Dex:  9    Spells: 5/5 levels left

rFire   . . .      SeeInvis .     - Unarmed
rCold   . . .      Faith    .   (no shield)
rNeg    . . .      Spirit   .   a - +0 animal skin
rPois   .          Reflect  .   (helmet restricted)
rElec   .          Harm     .   r - +0 cloak
rCorr   .          Rampage  .   (gloves unavailable)
Will    .....                   (boots unavailable)
Stlth   +.........              (no amulet)
HPRegen 1.00/turn               (no ring)
MPRegen 0.09/turn               (no ring)

@: on berserk cooldown, slowed, very slow
A: large, unfitting armour, claws 3, regeneration 1, shaggy fur 1, tough skin 1
a: Renounce Religion, Berserk, Trog's Hand


You were on level 5 of the Dungeon.
You worshipped Trog.
Trog was most pleased with you.
You visited 1 branch of the dungeon, and saw 5 of its levels.

You collected 218 gold pieces.

Inventory:

Missiles
 c - 12 stones (quivered)
 l - 5 large rocks
 u - 2 poisoned darts
 v - 6 boomerangs
Armour
 a - a +0 animal skin (worn)
 r - a +0 cloak (worn)
Scrolls
 b - a scroll of noise {unknown}
 d - a scroll of enchant weapon {unknown}
 g - a scroll of magic mapping {unknown}
 h - 4 scrolls of butterflies {unknown}
 i - a scroll of enchant armour {unknown}
 j - a scroll of teleportation {unknown}
 m - 2 scrolls of immolation {unknown}
 n - a scroll of vulnerability {unknown}
 o - a scroll of amnesia {unknown}
 w - a scroll of blinking {unknown}
 x - 2 scrolls of identify {unknown}
Potions
 e - 2 potions of heal wounds {unknown}
 f - 3 potions of curing {unknown}
 k - a potion of haste {unknown}
 p - a potion of lignification {unknown}
 q - a potion of magic {unknown}
 s - 2 potions of attraction {unknown}
 t - 3 potions of brilliance


   Skills:
 + Level 4.2 Fighting
 + Level 2.1 Throwing
 - Level 3.0 Dodging
 + Level 5.2 Unarmed Combat


You had 5 spell levels left.
You didn't know any spells.
Your spell library was empty.

Dungeon Overview and Level Annotations

Branches:
Dungeon (5/15)             Temple (0/1) D:4

Altars:
Kikubaaqudgha
Okawaru
Uskayaw
Wu Jian
The Shining One

Annotations:
D:5 Prince Ribbit


Innate Abilities, Weirdness & Mutations

You are too large for most types of armour.
You have claws for hands.
Your natural rate of healing is unusually fast.
You are covered in fur. (AC +1)
You have tough skin. (AC +1)


Message History

You are too injured to fight recklessly!
You are too injured to fight recklessly!
You are too injured to fight recklessly!
You are too injured to fight recklessly!
You are too injured to fight recklessly!
You are too injured to fight recklessly!
You are too injured to fight recklessly!
You are too injured to fight recklessly!
You are too injured to fight recklessly!
You are too injured to fight recklessly!
You are too injured to fight recklessly!
You are too injured to fight recklessly!
You are too injured to fight recklessly!
Unknown command.
A red film seems to cover your vision as you go berserk!
You feel yourself moving faster!
You feel mighty!
Prince Ribbit blinks!
Unknown command.
You feel a strong urge to attack something.
You feel your anger nearly subside.
You are no longer berserk.
You are exhausted.
You feel yourself slow down.
You scratch Prince Ribbit.
Prince Ribbit is severely wounded.
Prince Ribbit hits you! Prince Ribbit closely misses you.
You barely miss Prince Ribbit.
Prince Ribbit is severely wounded.
Prince Ribbit barely misses you. Prince Ribbit hits you!
* * * LOW HITPOINT WARNING * * *
You barely miss Prince Ribbit. Your claw misses Prince Ribbit.
Prince Ribbit is severely wounded.
Prince Ribbit hits you but does no damage.
Prince Ribbit barely misses you. Prince Ribbit attacks as you move away!
Prince Ribbit closely misses you. Prince Ribbit barely misses you.
You closely miss Prince Ribbit.
Prince Ribbit is heavily wounded.
Prince Ribbit hits you!
* * * LOW HITPOINT WARNING * * *
Prince Ribbit hits you!
You die...

###################
..................#
.......<..........#
...........@F.....#
................).#
##....###.####....#
#.... ### #####
...... ..... .....


You could see Prince Ribbit.

Vanquished Creatures
  Eustachio (D:4)
  A scorpion (D:4)
  A crimson imp (D:4)
  A hound (D:3)
  Robin (D:2)
  4 adders
  4 worms (D:2)
  7 bats
  10 endoplasms
  6 giant cockroaches
  14 goblins
  10 hobgoblins
  2 jackals (D:1)
  6 kobolds
  3 quokkas
  7 ball pythons
  2 frilled lizards
  3 goblin skeletons (D:4)
  A goblin zombie (D:4)
  3 hobgoblin zombies (D:4)
  2 kobold skeletons (D:4)
  A kobold zombie (D:4)
  4 rats
94 creatures vanquished.

Notes
Turn   | Place    | Note
-------+----------+-------------------------------------------
     0 | D:1      | kevlar127 the Troll Berserker began the quest for the Orb.
     0 | D:1      | Reached XP level 1. HP: 22/22 MP: 0/0
    95 | D:1      | Reached XP level 2. HP: 29/29 MP: 1/1
   121 | D:1      | Found a faded altar of an unknown god.
   367 | D:1      | Reached ** piety under Trog
   395 | D:1      | Reached XP level 3. HP: 36/36 MP: 2/2
   679 | D:2      | Noticed Robin
   693 | D:2      | Killed Robin
   971 | D:2      | Reached XP level 4. HP: 39/45 MP: 3/3
  1071 | D:2      | Reached skill level 4 in Unarmed Combat
  1207 | D:2      | Reached *** piety under Trog
  1287 | D:2      | Found a hide-covered altar of Uskayaw.
  1827 | D:3      | Found an ornate altar of the Wu Jian Council.
  2011 | D:3      | Reached XP level 5. HP: 53/53 MP: 4/4
  2285 | D:3      | Found an iron altar of Okawaru.
  2778 | D:4      | Reached skill level 1 in Throwing
  2811 | D:4      | Found a staircase to the Ecumenical Temple.
  2838 | D:4      | Noticed Eustachio
  3400 | D:4      | Found a sand-covered staircase.
  3441 | D:4      | Found a glowing golden altar of the Shining One.
  3448 | D:4      | Reached XP level 6. HP: 60/62 MP: 5/5
  3567 | D:4      | Found an ancient bone altar of Kikubaaqudgha.
  3583 | D:4      | Killed Eustachio
  3584 | D:4      | Reached skill level 5 in Unarmed Combat
  3938 | D:5      | Entered Level 5 of the Dungeon
  3938 | D:5      | Noticed Prince Ribbit
  3955 | D:5      | HP: 1/62 [Prince Ribbit (15)]
  3955 | D:5      | Mangled by Prince Ribbit

Illustrated notes

Levels and vault maps discovered:
D:1:      psy_arrival_statuary, layout_loops_ring,
          hellmonk_ecumenical_altar_inner_sanctum
D:2:      layout_loops_cross, basic_altar, uniq_robin
D:3:      layout_basic, mainiacjoe_overflow_paths, mainiacjoe_overflow_alcove_4,
          kennysheep_crisscross, st_stairs_6
D:4:      layout_loops_ring, mainiacjoe_overflow_alcove_2,
          nicolae_tso_besieged_by_evil, minmay_temple_entry_tees,
          enter_ossuary_1, uniq_eustachio
D:5:      layout_gridville, minmay_tree_intersection, uniq_blork_the_orc,
          uniq_prince_ribbit1

Skill      XL: |  1  2  3  4  5  6 |
---------------+-------------------+-----
Fighting       | 3 4 |  4.2
Dodging        | 3 |  3.0
Unarmed Combat | 4 5 |  5.2
Throwing       | 1 2 |  2.1

Action                   |  1- 3 |  4- 6 || total
-------------------------+-------+-------++-------
Melee: Unarmed           |    91 |   147 ||   238
       Punch             |     2 |     3 ||     5
Invok: Berserk           |       |     1 ||     1
 Stab: Sleeping          |     1 |       ||     1
Armor: Animal skin       |    16 |    33 ||    49
Dodge: Dodged            |    38 |    91 ||   129

Table legend: (Time is in decaauts)
 A = Elapsed time spent in this place.
 B = Non-inter-level travel time spent in this place.
 C = Inter-level travel time spent in this place.
 D = Time resting spent in this place.
 E = Time spent auto-exploring this place.
 F = Levels seen in this place.
 G = Mean time per level.
                   A        B        C        D        E       F      G
               +--------+--------+--------+--------+--------+-----+--------+
         Total |   3938 |   3456 |    482 |    531 |   2415 |   5 |  787.6 |
       Dungeon |   3938 |   3456 |    482 |    531 |   2415 |   5 |  787.6 |
               +--------+--------+--------+--------+--------+-----+--------+

Top non-repeatable levels by time:
     D:3: 1450 daAuts
     D:2: 1037 daAuts
     D:4: 759 daAuts
     D:1: 675 daAuts
     D:5: 16 daAuts
